 Dungeon Crawl Stone Soup version 0.17.0-24-gcfadda4 (webtiles) character file.

2180 oplop the Changer (level 9, -5/73 HPs)
             Began as an Octopode Transmuter on Nov 16, 2015.
             Slain by an orc warrior
             ... wielding a +0 flail
              (16 damage)
             ... on level 7 of the Dungeon.
             The game lasted 00:27:19 (8044 turns).

oplop the Changer (Octopode Transmuter)             Turns: 8044, Time: 00:27:20

Health: -5/73      AC:  9    Str: 12    XL:     9   Next: 33%
Magic:  4/17       EV: 11    Int: 16    God:
Gold:   323        SH:  0    Dex: 12    Spells: 5 memorised, 4 levels left

rFire  x . .     SeeInvis .       - Unarmed
rCold  + + +     Clarity  .     (shield currently unavailable)
rNeg   . . .     SustAt   .     (helmet currently unavailable)
rPois  +         Gourm    .     m - amulet of resist mutation
rElec  .         Spirit   .     u - ring of protection from magic
rCorr  .         Warding  .     y - +3 ring of protection
rMut   +         Stasis   .     z - ring of poison resistance
MR     +....                    (no ring)
Stlth  +.........               (no ring)
                                (no ring)
                                (no ring)
                                (no ring)

@: ice-form, somewhat resistant to hostile enchantments, very unstealthy
A: almost no armour, amphibious, 8 rings, (constrict 8), (camouflage 0),
(gelatinous body 0)
a: End Transformation


You were on level 7 of the Dungeon.
You were not hungry.
You were a creature of crystalline ice.
You visited 1 branch of the dungeon, and saw 7 of its levels.
You also visited: Ossuary.

You collected 323 gold pieces.

Inventory:

Hand Weapons
 g - a +1 dagger of pain
 i - a +1 dagger of protection (melded)
Missiles
 a - 41 arrows
 A - 9 arrows of frost
Armour
 B - a +0 hat (melded)
Jewellery
 m - an amulet of resist mutation (around neck)
 u - a ring of protection from magic (left front paw)
 y - a +3 ring of protection (right front paw)
 z - a ring of poison resistance (on tentacle)
Scrolls
 d - a scroll of blinking
 h - 4 scrolls of remove curse
 k - a scroll of teleportation
 q - a scroll of amnesia {unknown}
 t - 2 scrolls of magic mapping
 w - 2 scrolls of identify
 D - a scroll of enchant weapon
Potions
 n - 2 potions of degeneration
 p - 2 potions of resistance
 r - a potion of poison {unknown}
 s - 2 potions of flight
 v - a potion of curing
 x - a potion of magic
 C - a potion of berserk rage {unknown}
Books
 b - a book of Changes

   Spells                             Type                      Level
   a - Beastly Appendage              Transmutation                1
   b - Sticks to Snakes               Transmutation                2
   c - Spider Form                    Transmutation/Poison         3
   d - Ice Form                       Ice/Transmutation            4
   e - Blade Hands                    Transmutation                5
 e - an Akashic Record

   Spells                             Type                      Level
   a - Dispersal                      Translocation                6
   b - Malign Gateway                 Summoning/Translocation      7
   c - Disjunction                    Translocation                8
   d - Controlled Blink               Translocation                8
 o - a book of Beasts

   Spells                             Type                      Level
   a - Summon Butterflies             Summoning                    1
   b - Call Canine Familiar           Summoning                    3
   c - Summon Ice Beast               Ice/Summoning                4
   d - Summon Mana Viper              Hexes/Summoning              5
   e - Summon Hydra                   Summoning                    7
Comestibles
 c - 3 bread rations
 f - 2 meat rations


   Skills:
 + Level 5.0 Fighting
 - Level 3.6 Dodging
 + Level 3.2 Unarmed Combat
 - Level 5.3 Spellcasting
 + Level 3.7 Summonings
 - Level 5.7 Transmutations
 + Level 4.7 Ice Magic
 - Level 3.1 Poison Magic


You had 4 spell levels left.
You knew the following spells:

 Your Spells              Type           Power        Failure   Level  Hunger
a - Beastly Appendage     Trmt           ###...       1%          1    None
b - Sticks to Snakes      Trmt           ###.......   1%          2    #......
c - Spider Form           Trmt/Pois      ###.......   10%         3    ###....
d - Ice Form              Ice/Trmt       ###.....     17%         4    ####...
e - Summon Ice Beast      Ice/Summ       ###.....     28%         4    ####...


Dungeon Overview and Level Annotations

Branches:
Dungeon (7/15)
 Temple: D:4-7

Altars:
Elyvilon
Qazlal
Vehumet

Shops:
D:4 [

Annotations:
D:5 Prince Ribbit


Innate Abilities, Weirdness & Mutations

You cannot wear most types of armour.
You are amphibious.
You can wear up to eight rings at the same time.
((You can use your tentacles to constrict eight enemies at once.))
((Your skin changes colour to match your surroundings (Stealth).))
((Your rubbery body absorbs attacks (AC +1).))


Message History

Unknown command.
You barely miss the orc wizard.
The orc wizard is lightly wounded.
The orc closely misses you. The orc wizard completely misses you.
Your ice beast hits the orc warrior but does no damage.
The orc hits your ball python with a falchion!
Your ball python dies!
Your adder bites the orc wizard.
The orc wizard is poisoned.
Your adder poisons the orc wizard!
The orc warrior hits your ice beast with a flail!!
Your ice beast dies!
The orc warrior shouts!
Casting: Sticks to Snakes
Confirm with . or Enter, or press ? or * to list all spells.
You create 2 snakes!
The orc wizard barely misses you.
Your adder closely misses the orc wizard.
The orc hits you from afar with a trident.
* * * LOW HITPOINT WARNING * * *
The orc warrior hits you with a flail!
You die...

##..# #..# ≈
#..###..# ;..
#...##..# ≈..#
#...##..# ≈P..#
##.......#
≈P...#######........#
≈...).S.............#
......ooo...........#
#......oY...........#
....##.SS...<###...##
... ###....## ##..#
.# #...## #..# #...#
#..# ##..## #..#
##<(## #..# ##..##
#..# ##..## #..#


You could see an orc warrior, an orc wizard, 2 orcs, a friendly adder and 2
friendly ball pythons.

Vanquished Creatures
  A sky beast (D:5)
  A phantom (D:6)
  3 centaurs
  3 ogres (D:4)
  2 elf zombies (Ossuary)
  2 giant frogs (D:6)
  3 scorpions
  A water moccasin skeleton (D:5)
  A killer bee (D:7)
  An electric eel (D:7)
  4 centaur zombies
  A giant frog zombie (D:5)
  A jelly (D:7)
  4 orc priests
  2 orc wizards
  4 worker ants
  2 big kobold zombies (Ossuary)
  2 mummies (Ossuary)
  2 hound zombies (D:5)
  A hound skeleton (D:7)
  2 worker ant zombies
  Robin (D:2)
  13 adders
  A shadow imp (D:5)
  An adder skeleton (D:5)
  7 adder zombies
  3 worms
  7 giant geckos
  21 orcs
  10 giant cockroaches
  8 hobgoblins
  12 kobolds
  2 quokkas
  A ball python (D:1)
  10 bats
  A giant gecko zombie (D:5)
  8 giant newts
  19 goblins
  A goblin zombie (Ossuary)
  5 hobgoblin zombies (Ossuary)
  4 jackals (D:3)
  A jackal zombie (Ossuary)
  5 kobold zombies (Ossuary)
  7 orc zombies (Ossuary)
  3 quokka skeletons (D:5)
  15 rats
209 creatures vanquished.

Vanquished Creatures (collateral kills)
  A hippogriff (D:6)
  An orc wizard (D:7)
  2 adder skeletons
  An adder zombie (Ossuary)
  An orc (D:7)
  3 hobgoblin zombies (Ossuary)
  2 kobold zombies (Ossuary)
  2 orc zombies (Ossuary)
13 creatures vanquished.

Vanquished Creatures (others)
  An orc (D:7)
  5 plants (D:7)
6 creatures vanquished.

Grand Total: 228 creatures vanquished

Notes
Turn   | Place    | Note
--------------------------------------------------------------
     0 | D:1      | oplop the Octopode Transmuter began the quest for the Orb.
     0 | D:1      | Reached XP level 1. HP: 13/13 MP: 3/3
    57 | D:1      | Reached XP level 2. HP: 9/18 MP: 3/5
   777 | D:1      | Reached XP level 3. HP: 21/24 MP: 4/6
  1362 | D:2      | Noticed Robin
  1382 | D:2      | Killed Robin
  1548 | D:2      | Reached XP level 4. HP: 22/29 MP: 8/8
  1731 | D:2      | Learned a level 2 spell: Sticks to Snakes
  1735 | D:2      | Learned a level 3 spell: Spider Form
  2139 | D:2      | Reached skill level 1 in Poison Magic
  2164 | D:2      | Reached XP level 5. HP: 35/35 MP: 7/9
  3496 | D:4      | Noticed an ogre
  3511 | D:4      | Killed an ogre
  3511 | D:4      | Reached XP level 6. HP: 40/42 MP: 8/11
  3539 | D:4      | Noticed an ogre
  3559 | D:4      | Killed an ogre
  3582 | D:4      | Found a sand-covered staircase.
  3584 | D:4      | Noticed an ogre
  3595 | D:4      | Killed an ogre
  3595 | D:4      | Reached skill level 4 in Spellcasting
  3736 | D:4      | Learned a level 4 spell: Ice Form
  3783 | Ossuary  | Entered an ossuary
  3934 | Ossuary  | Reached XP level 7. HP: 46/46 MP: 3/13
  3967 | Ossuary  | Reached skill level 1 in Ice Magic
  3997 | Ossuary  | HP: 2/47 [elf zombie (5)]
  4446 | D:4      | Found Fisyulin's Antique Armour Shoppe.
  4659 | D:4      | Learned a level 4 spell: Summon Ice Beast
  4746 | D:4      | Found a white marble altar of Elyvilon.
  5121 | D:5      | Entered Level 5 of the Dungeon
  5182 | D:5      | Reached XP level 8. HP: 36/54 MP: 11/14
  5236 | D:5      | Reached skill level 1 in Summonings
  5374 | D:5      | Found a radiant altar of Vehumet.
  5891 | D:5      | Reached skill level 5 in Transmutations
  5926 | D:5      | Noticed Prince Ribbit
  6058 | D:5      | Reached skill level 5 in Spellcasting
  6540 | D:6      | Found a stormy altar of Qazlal.
  6597 | D:6      | Reached XP level 9. HP: 19/58 MP: 2/17
  8042 | D:7      | Reached skill level 5 in Fighting
  8044 | D:7      | Slain by an orc warrior

Action                   |  1- 3 |  4- 6 |  7- 9 || total
-------------------------+-------+-------+-------++-------
Melee: Unarmed           |    42 |    12 |   122 ||   176
       Dagger            |    47 |   194 |   274 ||   515
 Cast: Beastly Appendage |    16 |    31 |    42 ||    89
       Spider Form       |       |     3 |    13 ||    16
       Sticks to Snakes  |       |     9 |    29 ||    38
       Ice Form          |       |       |     4 ||     4
       Summon Ice Beast  |       |       |     3 ||     3
  Use: Potion            |       |       |    11 ||    11
       Scroll            |       |       |    11 ||    11
 Stab: Sleeping          |     4 |     6 |     9 ||    19
       Distracted        |       |       |     2 ||     2
  Eat: Chunk             |     2 |     6 |     8 ||    16
       Pizza             |       |     1 |     1 ||     2
       Meat ration       |       |     1 |     1 ||     2
       Royal jelly       |       |       |     1 ||     1
